 Dungeon Crawl Stone Soup version 0.26-a0-639-g72c4674329 (webtiles) character file.

Game seed: 11753112495052031537

1163 DogServant the Chopper (level 8, -6/76 HPs)
             Began as a Gargoyle Berserker on Sept 19, 2020.
             Was an Elder of Trog.
             Mangled by an orc warrior
             ... wielding a +0 halberd
              (15 damage)
             ... on level 6 of the Dungeon.
             The game lasted 00:06:53 (4750 turns).

DogServant the Chopper (Gargoyle Berserker)         Turns: 4750, Time: 00:06:54

Health: -6/76      AC: 24    Str: 23    XL:     8   Next: 40%
Magic:  8/8        EV:  2    Int:  8    God:    Trog [****..]
Gold:   246        SH:  0    Dex:  9    Spells: 7/7 levels left

rFire    . . .     SeeInvis +   v - +2 hand axe (venom)
rCold    . . .     Faith    .   (no shield)
rNeg     + + +     Spirit   .   (armour currently unavailable)
rPois    ∞         Reflect  .   (helmet currently unavailable)
rElec    .         Harm     .   (cloak currently unavailable)
rCorr    .         Rampage  .   (gloves currently unavailable)
MR       .....     NoTele   +   (boots currently unavailable)
Stlth    +.........             (no amulet)
HPRegen  0.22/turn              g - ring of see invisible
MPRegen  0.11/turn              k - ring of positive energy

@: tree-form, berserk cooldown, slowed, very slow
A: negative energy resistance 1, petrification resistance, rot immunity, AC +5
a: Berserk, Trog's Hand, Brothers in Arms, Renounce Religion


You were on level 6 of the Dungeon.
You worshipped Trog.
Trog was greatly pleased with you.
You were a tree.
You visited 1 branch of the dungeon, and saw 6 of its levels.

You collected 246 gold pieces.

Inventory:

Hand Weapons
 a - a +0 hand axe
 v - a +2 hand axe of venom (weapon)
Armour
 c - a +0 pair of gloves (melded)
 d - a +1 scale mail (melded)
 r - a +0 pair of boots (melded)
 x - a +0 buckler
Jewellery
 g - a ring of see invisible (left branch)
 i - an uncursed amulet of the acrobat {unknown}
 k - a ring of positive energy (right branch)
Wands
 h - a wand of paralysis (10)
 n - a wand of enslavement (12)
Scrolls
 f - 6 scrolls of teleportation
 m - 2 scrolls of remove curse
Potions
 e - a potion of berserk rage
 o - a potion of might
 s - a potion of magic
 u - a potion of haste {unknown}
 z - a potion of resistance {unknown}


   Skills:
 + Level 6.2 Fighting
 * Level 6.8 Axes
 + Level 5.5 Armour
 - Level 1.9 Dodging


You had 7 spell levels left.
You didn't know any spells.
Your spell library was empty.

Dungeon Overview and Level Annotations

Branches:
Dungeon (6/15)             Temple (0/1) D:6

Altars:
Ashenzari
Dithmenos
Elyvilon
Qazlal
Sif Muna
Trog
Uskayaw
Zin

Shops:
D:4 *   D:5 }   D:6 =


Innate Abilities, Weirdness & Mutations

You are resistant to torment.
((Your stone body is resilient. (AC +5)))
You are immune to poison.
You resist negative energy. (rN+)
((You are resistant to electric shocks. (rElec)))
((You can survive without breathing.))
You are immune to petrification.
You are immune to rotting.


Message History

The orc wizard blinks!
The orc wizard gestures wildly while chanting.
The orc wizard seems to speed up.
You closely miss the orc warrior.
The orc warrior is lightly wounded.
The orc wizard gestures wildly while chanting.
The orc wizard blinks!
The orc warrior hits you with a +0 halberd.
* * * LOW HITPOINT WARNING * * *
The orc wizard casts a spell.
The orc wizard blinks!
You hit the orc warrior.
The orc warrior looks even sicker.
The orc warrior is moderately wounded.
The orc warrior hits you but does no damage.
The orc warrior hits you with a +0 halberd.
* * * LOW HITPOINT WARNING * * *
You closely miss the orc warrior.
The orc warrior is moderately wounded.
The orc warrior hits you with a +0 halberd!
You die...

*** *** **##,###*,* *##**
*..,,...,,* *,.,###.*,,#.#*,*
*,#.#..,*,,#.?,,*
#,#.#.###,,#.#*** #.#..<..#,,#.#
....#∩..####o#############*******
..#......§..oooo♣.........,,,,,,,
#*#...###.##o#############******,
.......F...oo# *, ####...o.o#..#
*, ,,,.....(.o..# *,
**##.a.#....## *, #........* *,
#...#....* *, ***,,,*,*,,* *,


You could see an orc warrior (very poisoned), an orc priest, 2 orc wizards and 2
orcs.

Vanquished Creatures
  Prince Ribbit (D:6)
  Sigmund (D:3)
  A sky beast (D:5)
  Duvessa (D:5)
  Dowan (D:5)
  An orc priest (D:3)
  5 hounds
  Terence (D:3)
  2 iguanas
  3 worker ants
  4 gnolls (D:4)
  6 adders
  2 oozes
  2 adder skeletons
  2 worms
  2 dart slugs (D:1)
  6 leopard geckos
  17 orcs
  2 giant cockroaches
  11 goblins
  3 hobgoblins
  7 jackals
  7 kobolds
  3 quokkas
  2 ball pythons (D:1)
  16 bats
  2 frilled lizards
  9 rats
120 creatures vanquished.

Vanquished Creatures (others)
  4 toadstools (D:1)
4 creatures vanquished.

Grand Total: 124 creatures vanquished

Notes
Turn   | Place    | Note
-------+----------+-------------------------------------------
     0 | D:1      | DogServant the Gargoyle Berserker began the quest for the
                  | Orb.
     0 | D:1      | Reached XP level 1. HP: 14/14 MP: 1/1
   208 | D:1      | Reached XP level 2. HP: 19/19 MP: 2/2
   297 | D:1      | Reached XP level 3. HP: 21/24 MP: 3/3
   800 | D:2      | Reached ** piety under Trog
  1195 | D:2      | Found a hide-covered altar of Uskayaw.
  1218 | D:2      | Reached XP level 4. HP: 29/29 MP: 4/4
  1516 | D:2      | Found a shattered altar of Ashenzari.
  1876 | D:2      | Found a bloodstained altar of Trog.
  1994 | D:3      | Reached XP level 5. HP: 33/33 MP: 5/5
  2046 | D:3      | Noticed Sigmund
  2057 | D:3      | Killed Sigmund
  2057 | D:3      | Reached XP level 6. HP: 40/40 MP: 6/6
  2538 | D:3      | Noticed Terence
  2553 | D:3      | Killed Terence
  3112 | D:4      | Found Zin's Purification Station.
  3112 | D:4      | Found a glowing silver altar of Zin.
  3130 | D:4      | Reached skill level 5 in Axes
  3161 | D:4      | Reached *** piety under Trog
  3166 | D:4      | Reached skill level 5 in Fighting
  3198 | D:4      | Reached XP level 7. HP: 43/44 MP: 7/7
  3627 | D:4      | Found a shimmering blue altar of Sif Muna.
  3701 | D:5      | Entered Level 5 of the Dungeon
  3771 | D:5      | Found a white marble altar of Elyvilon.
  3818 | D:5      | Found Zer Xethe's Gadget Boutique.
  3820 | D:5      | Noticed Duvessa
  3821 | D:5      | Noticed Dowan
  3827 | D:5      | Killed Duvessa
  3838 | D:5      | Killed Dowan
  3884 | D:5      | Reached skill level 5 in Armour
  3884 | D:5      | Reached XP level 8. HP: 51/51 MP: 8/8
  4045 | D:5      | Found a stormy altar of Qazlal.
  4092 | D:5      | Found a shadowy altar of Dithmenos.
  4094 | D:5      | Reached **** piety under Trog
  4713 | D:6      | Found Butoolan's Jewellery Shop.
  4716 | D:6      | Noticed Prince Ribbit
  4740 | D:6      | Killed Prince Ribbit
  4750 | D:6      | Mangled by an orc warrior

Illustrated notes

Levels and vault maps discovered:
D:1:      ldierk_walled_garden_2, layout_rooms, minmay_tromino_v7
D:2:      layout_loops_ring, ashenzari_conservatory_becter,
          overflow_temple_1_default, trog_butcher_becter
D:3:      layout_basic, uniq_terence, uniq_sigmund
D:4:      layout_cave_pools, lemuel_coloured_pillars_altar, zin_purify,
          kennysheep_generic_room_7
D:5:      layout_basic, grunt_temple_overflow_open, serial_shops,
          nicolae_shop_temple_entry_statues_fountains,
          nicolae_dithmenos_through_a_glass_darkly, uniq_duvessa
D:6:      layout_basic, minmay_temple_entry_statues_pillars, serial_shops, shop,
          portal_sewer_entry_f, uniq_blork_the_orc, uniq_prince_ribbit1

Skill      XL: |  1  2  3  4  5  6  7  8 |
---------------+-------------------------+-----
Axes           | 3 4 5 6 |  6.8
Fighting       | 4 5 6 |  6.2
Armour         | 3 4 5 |  5.5
Dodging        | |  1.9

Action                   |  1- 3 |  4- 6 |  7- 9 || total
-------------------------+-------+-------+-------++-------
Melee: Hand axe          |    99 |   145 |   105 ||   349
Invok: Berserk           |     1 |     2 |     1 ||     4
  Use: Scroll            |       |       |    15 ||    15
       Potion            |       |       |     3 ||     3
Armor: Animal skin       |    23 |       |       ||    23
       Scale mail        |    23 |    77 |    51 ||   151
       Skin              |       |       |     1 ||     1
Dodge: Dodged            |    88 |    80 |    58 ||   226

Table legend: (Time is in decaauts)
 A = Elapsed time spent in this place.
 B = Non-inter-level travel time spent in this place.
 C = Inter-level travel time spent in this place.
 D = Time resting spent in this place.
 E = Time spent auto-exploring this place.
 F = Levels seen in this place.
 G = Mean time per level.
                   A        B        C        D        E       F      G
               +--------+--------+--------+--------+--------+-----+--------+
         Total |   4801 |   4666 |    135 |    673 |   3200 |   6 |  800.2 |
       Dungeon |   4801 |   4666 |    135 |    673 |   3200 |   6 |  800.2 |
               +--------+--------+--------+--------+--------+-----+--------+

Top non-repeatable levels by time:
     D:2: 1223 daAuts
     D:3: 1146 daAuts
     D:5: 1008 daAuts
     D:1: 793 daAuts
     D:4: 590 daAuts
     D:6: 39 daAuts
